AoeStats
← ivcrk826

MegaRandom

505659537Analyzed
1v1 RM · 22d ago on Sep 10, 2026· 56m 15s· 2 players
Game mode
Random Map
Map size
Tiny (2 player)
Population
200
Speed
Normal
Resources
Standard
Victory
Conquest
Starting age
Dark Age
Ending age
Imperial Age
RankedLock teamsTeams togetherTeam positionsShared explorationLock speedFull tech treeHidden civsTurbo modeCheats
Victory
Defeat
🇦🇷 Vietnamese · Argentina
1189
+16
🇦🇷 Khitans · Argentina
1190
-16
Pollo
3:15 Loom
13:57 Feudal Age
18:16 Castle Age
16:08 Double-Bit Axe
18:03 Fletching
25:25 Bodkin Arrow
27:57 Ballistics
36:27 Scale Barding Armor
38:54 Wheelbarrow
38:04 Town Watch
38:30 Horse Collar
39:37 Bloodlines
39:42 Forging
47:02 Padded Archer Armor
47:44 Chatras
49:44 Hand Cart
50:00 Bow Saw
ivcrk826
7:08 Loom
13:05 Feudal Age
13:45 Double-Bit Axe
15:37 Forging
26:03 Castle Age
26:48 Scale Barding Armor
26:11 Light Cavalry
Connection lost

Rejoining the realm…

Still unreachable

The connection could not be restored.

Session expired

The server has moved on; the page needs a fresh start.